 Dungeon Crawl Stone Soup version 0.30.0-5-g1a98f26d00 (webtiles) character file.

Game seed: 9496844437657315727

50 hawla the Firebug (level 4, -4/33 HPs)
             Began as a Meteoran Fire Elementalist on May 8, 2023.
             Slain by Duvessa
             ... wielding a +0 short sword
              (9 damage)
             ... on level 4 of the Dungeon.
             The game lasted 00:04:06 (467 turns).

hawla the Firebug (Meteoran Fire Elementalist)       Turns: 467, Time: 00:04:07

Health: -4/33      AC:  3    Str:  9    XL:     4   Next: 24%
Magic:  10/10      EV: 12    Int: 18    God:
Gold:   48         SH:  0    Dex: 15    Spells: 2/9 levels left

rFire   . . .        (no weapon)
rCold   . . .        (no shield)
rNeg    . . .        a - +0 robe
rPois   .            (no helmet)
rElec   .            j - +0 cloak
rCorr   .            (no gloves)
SInv    .            (no boots)
Will    .....        (no amulet)
Stlth   +            (no ring)
HPRegen 0.25/turn    (no ring)
MPRegen 0.12/turn

%: no passive effects
@: glowing
A: sense surroundings 1, otherworldly, glowing, explore regen
a: no special abilities


You were on level 4 of the Dungeon.
You visited 1 branch of the dungeon, and saw 4 of its levels.

You collected 48 gold pieces.

Inventory:

Armour
 a - a +0 robe (worn)
 j - a +0 cloak (worn)
Wands
 e - a wand of flame (12)
Scrolls
 d - a scroll of blinking
 f - a scroll of fog
 g - a scroll of enchant armour
 k - a scroll of teleportation {unknown}
Potions
 h - a potion of might


   Skills:
 - Level 2.6 Dodging
 - Level 1.4 Stealth
 - Level 3.4 Spellcasting
 + Level 1.9 Conjurations
 - Level 4.7 Fire Magic


You had 2 spell levels left.
You knew the following spells:

 Your Spells              Type           Power      Damage    Failure   Level
a - Foxfire               Conj/Fire      60%        2x1d7     4%          1
b - Scorch                Fire           40%        2d7       3%          2
c - Flame Wave            Conj/Fire      15%        2d7       36%         4

Your spell library contained the following spells:

 Spells                   Type           Power      Damage    Failure   Level
 Inner Flame              Hex/Fire       11%        N/A       19%         3
 Volatile Blastmotes      Fire/Tloc      22%        2d11      19%         3


Dungeon Overview and Level Annotations

Branches:
Dungeon (4/15) Zot: 1930
 Temple: D:4-7

Altars:

Annotations:
D:4 Dowan, Duvessa


Innate Abilities, Weirdness & Mutations

You passively map a small area around you.
You are easily found by Zot.
You glow in the dark.
You regain HP and MP as you explore.


Message History

The spell is extremely dangerous to miscast (36% risk of failure)!
Continue anyway?
Casting: Flame Wave (extremely dangerous; 36% risk of failure)
Press: ? - help, Dir - look around, f - activate A wave of flame ripples out!
The flame wave engulfs Duvessa.
Duvessa is burned terribly!
Duvessa is severely wounded. (Press . to intensify the flame waves.) Duvessa closely misses you.
A wave of flame ripples out!
The flame wave engulfs Duvessa.
Duvessa is burned terribly!
Duvessa is severely wounded.
The flame wave engulfs Dowan!
Dowan is severely wounded.
Dowan points at Duvessa and mumbles some strange words.
Duvessa seems to speed up.
Duvessa barely misses you.
A wave of flame ripples out!
The flame wave engulfs Duvessa.
Duvessa is burned terribly!
Duvessa is almost dead.
The flame wave engulfs Dowan.
Dowan is almost dead.
You finish channelling waves of flame.
You hear an angry hiss.
Duvessa hits you with a +0 short sword!
Unknown command.
Magic courses through your body. Duvessa says, "Did you see that move?
Perfect!"
Duvessa hits you with a +0 short sword! x2
* * * LOW HITPOINT WARNING * * *
Really quaff the potion of lignification?
You turn into a tree.
Your +0 cloak melds into your body.
Your +0 robe melds into your body.
Your roots penetrate the ground.
Duvessa hits you with a +0 short sword.
* * * LOW HITPOINT WARNING * * *
It was a potion of cancellation.
Your magical effects are unravelling.
You feel magically purged.
You feel less wooden.
Your +0 cloak unmelds from your body.
Your +0 robe unmelds from your body.
Duvessa hits you with a +0 short sword!
You die...

* * * , ,
, ,* , ,,,
#<*, * *
#e* * * ,
#. , ,
#..##### ,
#...ee@#,,
,,
#.###### ,
, , ,, ,
** * * *


You could see Duvessa (fast, combustible) and Dowan.

Vanquished Creatures
  An adder (D:3)
  A dart slug (D:1)
  4 endoplasms (D:1)
  9 goblins (D:1)
  2 hobgoblins (D:1)
  2 quokkas (D:1)
  4 ball pythons (D:1)
  5 bats
  2 frilled lizards
  3 kobolds
  2 rats
35 creatures vanquished.

Vanquished Creatures (others)
  90 foxfires
90 creatures vanquished.

Grand Total: 125 creatures vanquished

Notes
Turn   | Place    | Note
-------+----------+-------------------------------------------
     0 | D:1      | hawla the Meteoran Fire Elementalist began the quest for
                  | the Orb.
     0 | D:1      | Reached XP level 1. HP: 14/14 MP: 5/5
    43 | D:1      | Reached XP level 2. HP: 20/20 MP: 2/6
    46 | D:1      | Learned a level 2 spell: Scorch
    60 | D:1      | Reached skill level 4 in Fire Magic
   122 | D:1      | Reached XP level 3. HP: 26/26 MP: 5/8
   329 | D:3      | Reached XP level 4. HP: 33/33 MP: 7/10
   334 | D:3      | Learned a level 4 spell: Flame Wave
   454 | D:4      | Noticed Duvessa
   454 | D:4      | Noticed Dowan
   467 | D:4      | Slain by Duvessa

Illustrated notes

Levels and vault maps discovered:
D:1:      lemuel_arrival_muddy, layout_rooms
D:2:      layout_loops_ring, nicolae_titane, uniq_jessica
D:3:      layout_basic
D:4:      layout_basic, mainiacjoe_overflow_cross_hatched,
          minmay_temple_entry_antechambers, cheibrodos_sewer_entry_drain,
          uniq_duvessa, uniq_menkaure, uniq_blork_the_orc

Skill      XL: |  1  2 |
---------------+-------+-----
Fire Magic     | 4 |  4.7
Spellcasting   | 3 |  3.4
Dodging        | |  2.6
Stealth        | |  1.4
Conjurations   | |  1.9

Action                     |  1- 3 |  4- 6 || total
---------------------------+-------+-------++-------
  Melee: Unarmed           |     2 |       ||     2
   Cast: Foxfire           |    47 |     5 ||    52
         Scorch            |       |     2 ||     2
         Flame Wave        |       |     1 ||     1
    Use: Scroll            |       |     5 ||     5
         Potion            |       |     3 ||     3
 Armour: Robe              |     1 |     1 ||     2
  Dodge: Dodged            |     4 |     3 ||     7
